 Dungeon Crawl Stone Soup version 0.28.0 (webtiles) character file.

Game seed: 1807558579294384089

51 Anothat the Shield-Bearer (level 4, 0/37 HPs)
             Began as a Formicid Fighter on Feb 12, 2022.
             Was a Follower of Nemelex Xobeh.
             Succumbed to an adder's poison
             ... on level 2 of the Dungeon.
             The game lasted 00:01:32 (1544 turns).

Anothat the Shield-Bearer (Formicid Fighter)        Turns: 1544, Time: 00:01:33

Health: 0/37       AC:  6    Str: 23    XL:     4   Next: 5%
Magic:  4/4        EV:  9    Int:  7    God:    Nemelex Xobeh [*.....]
Gold:   26         SH:  4    Dex: 10    Spells: 3/3 levels left

rFire   . . .      SeeInvis +   a - +0 trident
rCold   . . .      Faith    .   c - +0 buckler
rNeg    . . .      Spirit   .   b - +0 scale mail
rPois   .          Reflect  .   (helmet unavailable)
rElec   .          Harm     .   (no cloak)
rCorr   .          Rampage  .   (no gloves)
Will    .....                   (no boots)
Stlth   ..........              (no amulet)
HPRegen 0.12/turn               (no ring)
MPRegen 0.09/turn               (no ring)

@: lethally poisoned (0 -> -1)
A: permanent stasis, dig shafts and tunnels, antennae 3, four strong arms
a: Dig, Shaft Self, Renounce Religion, Draw Escape, Draw Destruction, Draw
Summoning


You were on level 2 of the Dungeon.
You worshipped Nemelex Xobeh.
Nemelex Xobeh was aware of your devotion.
You visited 1 branch of the dungeon, and saw 2 of its levels.

You collected 26 gold pieces.

Inventory:

Hand Weapons
 a - a +0 trident (weapon)
Armour
 b - a +0 scale mail (worn)
 c - a +0 buckler (worn)
Jewellery
 h - an amulet of reflection
Scrolls
 e - a scroll of silence {unknown}
 f - 7 scrolls of identify {unknown}
 g - 2 scrolls of teleportation {unknown}
 j - a scroll of blinking {unknown}
Potions
 d - a potion of might


   Skills:
 + Level 3.8 Fighting
 * Level 3.2 Polearms
 - Level 3.2 Armour
 + Level 4.1 Shields


You had 3 spell levels left.
You didn't know any spells.
Your spell library was empty.

Dungeon Overview and Level Annotations

Branches:
Dungeon (2/15)

Altars:
Nemelex Xobeh


Innate Abilities, Weirdness & Mutations

You cannot be hasted, slowed, berserked, paralysed or teleported.
You can dig through walls and to a lower floor.
You have a pair of large antennae on your head. (SInv)
Your four strong arms can wield two-handed weapons with a shield.


Message History

You feel sick. The adder bites you.
* * * LOW HITPOINT WARNING * * *
You feel sick.
It was a potion of berserk rage.
Your stasis prevents you from going berserk.
You feel sick. The adder bites you but does no damage.
You hit the adder.
The adder is almost dead.
You feel sick.
You are no longer poisoned.
The adder closely misses you. x2
You miss the adder.
The adder is almost dead.
The adder closely misses you.
You closely miss the adder.
The adder is almost dead.
The adder bites you but does no damage. x2
You hit the adder but do no damage.
The adder is almost dead.
The adder misses you.
You closely miss the adder.
The adder is almost dead.
You block the adder's attack. The adder bites you.
* * * LOW HITPOINT WARNING * * *
You are lethally poisoned!
The adder poisons you!
You puncture the adder!
You kill the adder!
* * * LOW HITPOINT WARNING * * *
You feel sick.
You have reached level 4!
You feel stronger.
You hit the endoplasm.
The endoplasm is severely wounded.
You feel sick. The endoplasm hits you.
* * * LOW HITPOINT WARNING * * *
You hit the endoplasm.
You kill the endoplasm!
You die...
Your body glows slightly and disappears.

##### #....
############.###
#............# #
####.##########.###
..#.###### #....
#"#......######...
#@#..###..........
#.#..# ######.....
...####.#..# ##....
#.........# #....
###.......# #.#..
#.#####.# #####.<..
#. #.# #.. ...## #
#.# #.# #..# .# #.#
#..#


There were no monsters in sight!

Vanquished Creatures
  An adder (D:2)
  2 worms (D:2)
  5 ball pythons
  2 bats (D:1)
  An endoplasm (D:2)
  3 giant cockroaches (D:1)
  2 goblins (D:1)
  2 hobgoblins (D:1)
  7 kobolds (D:1)
  A quokka (D:1)
  6 frilled lizards
  5 rats
37 creatures vanquished.

Notes
Turn   | Place    | Note
-------+----------+-------------------------------------------
     0 | D:1      | Anothat the Formicid Fighter began the quest for the Orb.
     0 | D:1      | Reached XP level 1. HP: 18/18 MP: 1/1
   205 | D:1      | Reached XP level 2. HP: 24/24 MP: 2/2
   211 | D:1      | Found a faded altar of an unknown god.
   238 | D:1      | Prayed at the altar of an unknown god.
   238 | D:1      | Became a worshipper of Nemelex Xobeh the Trickster
   238 | D:1      | Reached * piety under Nemelex Xobeh
   915 | D:1      | Reached XP level 3. HP: 29/29 MP: 3/3
  1086 | D:1      | Reached skill level 4 in Shields
  1306 | D:2      | Received a gift from Nemelex Xobeh
  1543 | D:2      | Reached XP level 4. HP: 4/37 MP: 4/4
  1543 | D:2      | HP: 1/37 [endoplasm (2)]
  1544 | D:2      | Succumbed to an adder's poison

Illustrated notes

Levels and vault maps discovered:
D:1:      onia_arrival_pentagram, layout_loops_cross,
          chequers_ecumenical_altar_simple_redux
D:2:      layout_loops_ring

Skill      XL: |  1  2  3 |
---------------+----------+-----
Shields        | 4 |  4.1
Polearms       | 3 |  3.2
Fighting       | |  3.8
Armour         | |  3.2

Action                   |  1- 3 |  4- 6 || total
-------------------------+-------+-------++-------
Melee: Trident           |   131 |     2 ||   133
  Use: Potion            |     1 |       ||     1
Armor: Scale mail        |    40 |       ||    40
Dodge: Dodged            |    37 |       ||    37
Block: Buckler           |    21 |       ||    21
